AoeStats
← Master

Black Forest

510301518Analyzed
4v4 RM · 2d ago on Sep 30, 2026· 52m 5s· 8 players
Game mode
Random Map
Map size
Large (8 player)
Population
200
Speed
Normal
Resources
Standard
Victory
Conquest
Starting age
Dark Age
Ending age
Imperial Age
RankedLock teamsTeams togetherTeam positionsShared explorationLock speedFull tech treeHidden civsTurbo modeCheats
Victory
Defeat
🇫🇷 Saxons · France
1037
+16
🇨🇿 Khmer · Czechia
1012
+17
🇨🇳 Danes · China
936
+20
🇮🇳 Turks · India
881
+23
🇨🇳 Danes · China
1078
-20
🇨🇳 Italians · China
1049
-20
🇨🇳 Saxons · China
1015
-18
🇨🇳 Persians · China
1003
-18
天地银行行长
1:51 Loom
12:37 Feudal Age
13:09 Double-Bit Axe
13:18 Horse Collar
18:34 Castle Age
20:24 Heavy Plow
20:36 Bow Saw
20:26 Stone Mining
24:34 Gold Mining
25:50 Gold Shaft Mining
27:51 Scale Mail Armor
28:38 Forging
28:20 Fletching
31:36 Imperial Age
30:55 Chain Mail Armor
31:15 Iron Casting
30:36 Bodkin Arrow
31:34 Caravan
32:28 Treadmill Crane
33:13 Conscription
34:15 Wheelbarrow
33:25 Town Watch
33:57 Fortified Wall
34:35 Plate Mail Armor
34:06 Bracer
33:38 Elite Hearth Troop
33:44 Shield Wall
33:49 Pikeman
34:29 Squires
36:01 Two-Man Saw
35:25 Halberdier
35:51 Arson
41:19 Crop Rotation
42:16 Heavy Scorpion
43:11 Elite Varangian Guard
48:37 Siege Engineers
48:29 Murder Holes
49:35 Chemistry
49:07 Ballistics
50:11 Padded Archer Armor
隔壁老王
11:47 Feudal Age
15:34 Castle Age
14:17 Horse Collar
14:25 Double-Bit Axe
18:21 Stone Mining
19:04 Gold Mining
23:27 Wheelbarrow
24:58 Gold Shaft Mining
27:12 Stone Shaft Mining
29:46 Imperial Age
27:54 Murder Holes
29:05 Ballistics
31:31 Chemistry
30:44 Scale Barding Armor
30:49 Forging
32:01 Conscription
32:13 Chain Barding Armor
31:56 Husbandry
31:18 Cavalier
32:10 Bloodlines
33:04 Bow Saw
32:57 Heavy Plow
33:49 Iron Casting
33:20 Loom
33:23 Town Watch
34:36 Plate Barding Armor
35:39 Town Patrol
35:57 Hand Cart
35:17 Savar
36:48 Caravan
37:19 Coinage
37:00 Guilds
38:02 Blast Furnace
37:41 Elite War Elephant
38:36 Citadels
38:01 Pikeman
38:42 Squires
39:46 Hoardings
45:00 Halberdier
47:50 Scale Mail Armor
47:50 Padded Archer Armor
47:41 Fletching
xiaoluyeah
0:31 Loom
11:49 Feudal Age
13:33 Horse Collar
16:13 Castle Age
14:09 Double-Bit Axe
18:17 Wheelbarrow
19:17 Heavy Plow
19:43 Bow Saw
23:49 Gold Mining
23:50 Stone Mining
24:48 Hand Cart
24:18 Town Watch
26:31 Stone Shaft Mining
29:09 Imperial Age
27:46 Stone Shaft Mining
27:12 Caravan
27:02 Treadmill Crane
27:25 Scale Mail Armor
27:26 Padded Archer Armor
28:42 Squires
29:21 Chain Mail Armor
29:21 Leather Archer Armor
29:55 Masonry
29:38 Fletching
30:15 Silk Road
31:46 Two-Man Saw
31:18 Crop Rotation
31:57 Chemistry
31:28 Forging
32:05 Conscription
33:23 Bombard Tower
33:28 Ballistics
33:42 Architecture
33:45 Plate Mail Armor
33:50 Iron Casting
33:46 Ring Archer Armor
33:46 Thumb Ring
33:29 Arson
35:48 Elite Genoese Crossbowman
36:40 Bodkin Arrow
36:44 Murder Holes
38:13 Hoardings
38:49 Blast Furnace
37:49 Bracer
38:52 Blast Furnace
38:12 Pikeman
42:56 Guilds
43:17 Coinage
45:06 Banking
994327805
12:09 Feudal Age
16:53 Castle Age
15:31 Double-Bit Axe
16:11 Horse Collar
20:19 Gold Mining
26:47 Stone Mining
27:33 Loom
30:33 Imperial Age
29:18 Wheelbarrow
29:23 Scale Mail Armor
29:34 Forging
30:21 Gold Shaft Mining
29:10 Hamask
30:28 Squires
30:14 Arson
30:50 Chain Mail Armor
31:02 Bow Saw
30:53 Heavy Plow
31:48 Iron Casting
31:49 Conscription
32:49 Town Watch
32:42 Elite Varangian Guard
34:30 Plate Mail Armor
35:24 Blast Furnace
34:58 Caravan
34:57 Capped Ram
35:59 Siege Engineers
38:01 Siege Ram
39:25 Northmen's Fury
41:27 Chemistry
40:51 Northmen's Fury
42:59 Onager
43:40 Fletching
44:28 Man-at-Arms
44:54 Gambesons
47:19 Long Swordsman
48:50 Bodkin Arrow
49:21 Two-Handed Swordsman
Archon
6:07 Loom
12:55 Feudal Age
14:03 Horse Collar
18:14 Castle Age
16:26 Double-Bit Axe
19:25 Bow Saw
22:34 Heavy Plow
26:43 Gold Mining
26:43 Stone Mining
31:55 Imperial Age
30:02 Wheelbarrow
29:12 Town Watch
30:55 Stone Shaft Mining
30:56 Gold Shaft Mining
32:03 Hand Cart
32:13 Town Patrol
32:35 Tusk Swords
32:07 Elite Ballista Elephant
32:10 Onager
34:17 Crop Rotation
34:51 Chemistry
34:17 Ballistics
34:23 Conscription
34:17 Double Crossbow
36:19 Caravan
36:15 Elite Battle Elephant
37:33 Forging
37:34 Scale Barding Armor
45:25 Pikeman
45:51 Arson
48:00 Iron Casting
47:45 Chain Barding Armor
47:26 Padded Archer Armor
47:16 Fletching
48:21 Halberdier
groink
0:53 Loom
13:33 Feudal Age
17:18 Castle Age
15:02 Horse Collar
16:24 Double-Bit Axe
23:21 Crossbowman
25:54 Heavy Plow
26:21 Gold Mining
26:24 Stone Mining
27:33 Wheelbarrow
26:57 Fletching
33:57 Imperial Age
31:28 Bodkin Arrow
31:44 Forging
32:40 Bow Saw
33:09 Gold Shaft Mining
33:50 Hand Cart
33:38 Padded Archer Armor
34:13 Iron Casting
33:39 Scale Mail Armor
33:55 Fortified Wall
34:07 Ballistics
33:56 Man-at-Arms
34:23 Gambesons
34:39 Squires
34:25 Arson
34:05 Arbalester
35:57 Two-Man Saw
35:33 Crop Rotation
37:10 Chemistry
36:19 Thumb Ring
35:49 Long Swordsman
36:54 Conscription
36:53 Two-Handed Swordsman
36:58 Shield Wall
37:00 Clerical Recruitment
37:03 Elite Hearth Troop
37:55 Champion
38:53 Bracer
39:09 Chain Mail Armor
39:05 Pikeman
40:06 Leather Archer Armor
42:54 Plate Mail Armor
42:54 Ring Archer Armor
41:57 Halberdier
43:05 Caravan
44:00 Elite Skirmisher
44:01 Cranequins
44:02 Heavy Mounted Crossbowman
47:04 Elite Varangian Guard
48:47 Clerical Recruitment
50:33 Scale Barding Armor
52:06 Town Watch
52:34 Siege Engineers
52:39 Masonry
potatoes
11:09 Feudal Age
12:25 Horse Collar
12:31 Double-Bit Axe
18:43 Castle Age
20:16 Bow Saw
20:16 Heavy Plow
28:39 Gold Mining
28:39 Stone Mining
30:31 Gold Shaft Mining
30:31 Stone Shaft Mining
33:35 Imperial Age
30:51 Town Watch
31:41 Wheelbarrow
30:52 Loom
31:38 Ballistics
31:32 Masonry
31:39 Masonry
33:29 Scale Mail Armor
33:40 Forging
33:24 Fletching
34:44 Hamask
34:44 Northmen's Fury
35:46 Conscription
34:47 Elite Jomsviking
35:01 Onager
37:07 Chemistry
36:13 Siege Engineers
36:21 Elite Varangian Guard
37:02 Squires
36:47 Gambesons
36:49 Arson
39:07 Chain Mail Armor
39:27 Iron Casting
38:48 Bodkin Arrow
42:15 Siege Onager
45:34 Plate Mail Armor
46:04 Blast Furnace
50:06 Pikeman
Master
0:34 Loom
11:26 Feudal Age
13:52 Double-Bit Axe
17:06 Castle Age
18:28 Bow Saw
18:00 Horse Collar
25:52 Wheelbarrow
26:16 Town Watch
26:40 Gold Mining
28:05 Gold Shaft Mining
27:48 Heavy Plow
32:15 Imperial Age
30:04 Hand Cart
29:52 Town Patrol
31:22 Scale Barding Armor
31:28 Forging
32:14 Bloodlines
32:05 Husbandry
32:56 Chain Barding Armor
32:17 Heavy Camel Rider
33:39 Iron Casting
34:53 Plate Barding Armor
34:32 Artillery
35:49 Sipahi
36:48 Blast Furnace
35:39 Fletching
35:50 Padded Archer Armor
37:03 Two-Man Saw
36:41 Thumb Ring
37:02 Parthian Tactics
35:57 Heavy Cavalry Archer
37:17 Stone Mining
37:42 Heavy Cavalry Archer
38:25 Treadmill Crane
38:55 Masonry
38:41 Murder Holes
40:03 Bodkin Arrow
40:23 Leather Archer Armor
40:32 Ballistics
40:43 Architecture
41:33 Bombard Tower
41:04 Heated Shot
41:42 Conscription
42:53 Bracer
43:24 Ring Archer Armor
43:21 Guilds
43:12 Arrowslits
46:27 Ring Archer Armor
48:35 Capped Ram
Connection lost

Rejoining the realm…

Still unreachable

The connection could not be restored.

Session expired

The server has moved on; the page needs a fresh start.